 Dungeon Crawl Stone Soup version 0.29.1-1-gd02db6906a (webtiles) character file.

Game seed: 18386678767817436281

6267 smilodon the Covert (level 10, -8/50 HPs)
             Began as a Vampire Enchanter on Oct 7, 2022.
             Was a Believer of Kikubaaqudgha.
             Mangled by a komodo dragon (23 damage)
             ... on level 9 of the Dungeon.
             The game lasted 00:34:10 (11784 turns).

smilodon the Covert (Vampire Enchanter)            Turns: 11784, Time: 00:34:14

Health: -8/50      AC: 11    Str:  7    XL:     10   Next: 62%
Magic:  2/19       EV: 15    Int: 21    God:    Kikubaaqudgha [**....]
Gold:   737        SH:  5    Dex: 16    Spells: 10/21 levels left

rFire   + . .      SeeInvis +   j - +6 dagger (spect)
rCold   + + .      Faith    .   s - +0 buckler
rNeg    + + +      Spirit   .   L - +2 robe {rF+}
rPois   ∞          Reflect  .   h - +0 helmet
rElec   .          Harm     .   C - +1 cloak {Stlth+}
rCorr   .          Rampage  .   z - +2 pair of gloves {infuse}
Will    ++...                   p - +0 pair of boots
Stlth   ++++++++..              (no amulet)
HPRegen 0.00/turn               D - ring of willpower
MPRegen 0.16/turn               (no ring)

@: bloodless, inhibited regen
A: bloodless, fangs 3, see invisible, vampiric 2
a: Bat Form, Revivify, Renounce Religion, Unearth Wretches


You were on level 9 of the Dungeon.
You worshipped Kikubaaqudgha.
Kikubaaqudgha was pleased with you.
You visited 2 branches of the dungeon, and saw 10 of its levels.
You also visited: Ossuary.

You collected 737 gold pieces.

Inventory:

Hand Weapons
 a - a +1 dagger
 j - a +6 spectral dagger (weapon)
Missiles
 l - a throwing net
Armour
 b - a +0 robe
 c - a +0 animal skin
 h - a +0 helmet (worn)
 p - a +0 pair of boots (worn)
 s - a +0 buckler (worn)
 x - +0 swamp dragon scales
 y - a +1 leather armour of willpower
 z - a +2 pair of gloves of infusion (worn)
 C - a +1 cloak of stealth (worn)
 J - a +0 robe of positive energy
 L - a +2 robe of fire resistance (worn)
Jewellery
 D - a ring of willpower (left hand)
 H - a +4 ring of protection
 I - an amulet of the acrobat
Wands
 g - a wand of iceblast (20)
 K - a wand of flame (12)
Scrolls
 d - a scroll of magic mapping
 e - 2 scrolls of torment
 k - 2 scrolls of amnesia
 m - 3 scrolls of poison
 n - 7 scrolls of teleportation
 w - a scroll of noise
 G - a scroll of fog {unknown}
Potions
 f - a potion of cancellation {unknown}
 i - 2 potions of mutation
 o - 3 potions of attraction {unknown}
 q - a potion of flight {unknown}
 r - 3 potions of lignification {unknown}
 t - 3 potions of invisibility
 u - 3 potions of curing {unknown}
 v - a potion of resistance {unknown}
 A - 2 potions of ambrosia {unknown}
 B - 2 potions of berserk rage {unknown}
 E - a potion of haste {unknown}
 F - 2 potions of degeneration {unknown}


   Skills:
 + Level 7.4 Short Blades
 - Level 6.7 Dodging
 + Level 11.1 Stealth
 + Level 2.5 Shields
 + Level 6.4 Spellcasting
 + Level 10.5 Hexes
 + Level 6.2 Ice Magic


You had 10 spell levels left.
You knew the following spells:

 Your Spells              Type           Power      Damage    Failure   Level
a - Ensorcelled Hibernat  Hex/Ice        84%        N/A       1%          2
b - Tukima's Dance        Hex            50%        N/A       1%          3
c - Confusing Touch       Hex            50%        N/A       1%          3
d - Vampiric Draining     Necr           6%         2d6       36%         3

Your spell library contained the following spells:

 Spells                   Type           Power      Damage    Failure   Level
 Dazzling Flash           Conj/Hex       56%        N/A       4%          3
 Summon Guardian Golem    Hex/Summ       28%        N/A       4%          3
 Necrotise                Necr           24%        1d5       12%         1
 Sublimation of Blood     Necr           6%         N/A       19%         2
 Animate Dead             Necr           6%         N/A       77%         4
 Orb of Destruction       Conj           3%         9d5       100%        7
 Spellforged Servitor     Conj/Summ      3%         N/A       100%        7


Dungeon Overview and Level Annotations

Branches:
Dungeon (9/15)             Temple (1/1) D:5            Lair (0/5) D:8
Ossuary (visited)
    Orc: D:9-12

Altars:
Ashenzari
Cheibriados
Dithmenos
Fedhas
Gozag
Hepliaklqana
Kikubaaqudgha
Makhleb
Nemelex Xobeh
Okawaru
Qazlal
Ru
Sif Muna
Trog
Uskayaw
Vehumet
Wu Jian
Xom
Yredelemnul

Shops:
D:1 [

Annotations:
D:8 exclusion: ice statue


Innate Abilities, Weirdness & Mutations

You do not regenerate when monsters are visible.
You are frail without blood (-20% HP).
You can heal yourself when you bite living creatures.
You are immune to poison.
You have razor-sharp teeth.
You have supernaturally acute eyesight. (SInv)
You are afflicted with vampirism and can become a bat while bloodless.


Message History

You hear the quick creaking of a distant portcullis.
The komodo dragon barely misses you.
The frilled lizard completely misses you.
You hit the komodo dragon but do no damage.
The komodo dragon is heavily wounded.
Your +6 spectral dagger hits the komodo dragon.
The komodo dragon bites your +6 spectral dagger!!
Your spectral weapon shares its damage with you!
You are too injured to fight recklessly!
You are too injured to fight recklessly!
You are too injured to fight recklessly!
You are too injured to fight recklessly!
You are too injured to fight recklessly!
You puncture the frilled lizard!
You kill the frilled lizard!
Kikubaaqudgha accepts your kill. The frilled lizard misses you.
The frilled lizard bites you.
You are too injured to fight recklessly!
You are too injured to fight recklessly!
Aiming: Ensorcelled Hibernation (safe; 1% risk of failure)
Press: ? - help, Q - select action, (/) - cycle Shift-Dir - straight line, f - komodo dragon
Aim: a komodo dragon (grey smoke, heavily wounded, chance to affect: 50%)
The komodo dragon resists with some effort.
You block the komodo dragon's attack. You block the frilled lizard's attack.
Aiming: Ensorcelled Hibernation (safe; 1% risk of failure)
Press: ? - help, Q - select action, (/) - cycle Shift-Dir - straight line, f/p - komodo dragon
Aim: a komodo dragon (heavily wounded, chance to affect: 50%)
The komodo dragon resists with some effort.
The komodo dragon bites you.
* * * LOW HITPOINT WARNING * * *
You block the frilled lizard's attack.
The frilled lizard hisses.
Aiming: Ensorcelled Hibernation (safe; 1% risk of failure)
Press: ? - help, Q - select action, (/) - cycle Shift-Dir - straight line, f/p - komodo dragon
Aim: a komodo dragon (heavily wounded, chance to affect: 50%)
The komodo dragon resists with some effort.
The komodo dragon bites you!!
You die...
Kikubaaqudgha rasps: "You have failed me!
Welcome... oblivion!"

#.....................
#..######.............
#.. #.............
#...####...... #$..#
...... #...# .[>...
#...# ..... #...#
..### ###@#


#lll# #..lll# #....## #.... #.... ##... #.## ## You could see a komodo dragon
and 5 frilled lizards.

Vanquished Creatures
  Maggie (D:6)
  Eustachio (D:6)
  3 yaks (D:8)
  A water moccasin (D:7)
  2 orc warriors
  An ice beast (D:5)
  3 black bears
  An ogre (D:5)
  A centaur (D:7)
  A phantom (D:4)
  2 lemures (D:8)
  5 bullfrogs
  4 necrophages
  2 gnoll sergeants
  4 scorpions
  A water moccasin zombie (D:5)
  8 wights
  13 killer bees
  2 howler monkeys (D:7)
  A centaur zombie (D:5)
  5 hounds
  3 orc priests
  A bullfrog zombie (D:5)
  Crazy Yiuf (D:6)
  2 human zombies
  Terence (D:3)
  4 iguanas
  6 orc wizards
  A killer bee zombie (D:5)
  2 hound zombies
  6 mummies
  5 gnolls
  7 adders
  A shadow imp (D:6)
  A worm (D:4)
  4 dart slugs
  29 orcs
  2 endoplasms
  2 giant cockroaches
  19 goblins
  7 hobgoblins
  4 jackals (D:3)
  3 quokkas
  5 ball pythons
  5 bats
  5 frilled lizards
  3 gnoll zombies (Ossuary)
  2 goblin zombies (Ossuary)
  A hobgoblin zombie (Ossuary)
  A jackal zombie (Ossuary)
  8 kobolds
  A kobold zombie (Ossuary)
  An orc zombie (Ossuary)
  5 rats
  A rat zombie (Ossuary)
211 creatures vanquished.

Vanquished Creatures (collateral kills)
  Erica (D:8)
  Pikel (D:8)
  3 orc warriors
  2 wights (D:8)
  An orc priest (D:8)
  2 gnolls
  7 orcs
17 creatures vanquished.

Vanquished Creatures (others)
  9 dancing weapons
  A fungus (D:6)
  8 plants (D:9)
18 creatures vanquished.

Grand Total: 246 creatures vanquished

Notes
Turn   | Place    | Note
-------+----------+-------------------------------------------
     0 | D:1      | smilodon the Vampire Enchanter began the quest for the Orb.
     0 | D:1      | Reached XP level 1. HP: 13/13 MP: 3/3
   159 | D:1      | Reached XP level 2. HP: 19/19 MP: 5/5
   203 | D:1      | Found Hiheqohiv's Armour Emporium.
   990 | D:2      | Learned a level 2 spell: Ensorcelled Hibernation
  1006 | D:2      | Gained mutation: You are afflicted with vampirism and can
                  | become a bat while bloodless. [Vampire growth]
  1006 | D:2      | Reached XP level 3. HP: 24/24 MP: 6/6
  1208 | D:2      | Reached skill level 5 in Stealth
  1419 | D:2      | Reached skill level 5 in Hexes
  1680 | D:3      | Identified the +1 robe of Amorality {Harm Will+ Int-4
                  | Dex+3}
  1769 | D:3      | Found a snail-covered altar of Cheibriados.
  1818 | D:3      | Reached XP level 4. HP: 25/30 MP: 7/7
  1893 | D:3      | Found a faded altar of an unknown god.
  1998 | D:3      | Noticed Terence
  2130 | D:3      | Killed Terence
  2439 | D:3      | Reached XP level 5. HP: 33/35 MP: 6/9
  2683 | D:3      | Reached skill level 1 in Ice Magic
  2737 | D:3      | Found a bloodstained altar of Trog.
  3122 | D:4      | Noticed a phantom
  3201 | D:4      | Killed a phantom
  3202 | D:4      | Reached XP level 6. HP: 5/41 MP: 3/10
  3414 | D:4      | Reached skill level 6 in Stealth
  3444 | D:4      | Noticed an angel
  3467 | D:4      | Found a hide-covered altar of Uskayaw.
  3469 | D:4      | Found a sacrificial altar of Ru.
  3788 | D:5      | Entered Level 5 of the Dungeon
  3805 | D:5      | Noticed an ice beast
  3810 | D:5      | Killed an ice beast
  3811 | D:5      | Reached XP level 7. HP: 46/46 MP: 10/12
  4067 | D:5      | Reached skill level 7 in Stealth
  4379 | D:5      | Learned a level 3 spell: Tukima's Dance
  4383 | D:5      | Learned a level 3 spell: Confusing Touch
  4597 | D:5      | Found a basalt altar of Yredelemnul.
  4739 | D:5      | Reached XP level 8. HP: 41/41 MP: 12/14
  5530 | D:5      | Found a staircase to the Ecumenical Temple.
  5535 | D:5      | Reached skill level 5 in Dodging
  5550 | Temple   | Entered the Ecumenical Temple
  5585 | Temple   | Became a worshipper of Kikubaaqudgha
  5755 | D:6      | Found a sand-covered staircase.
  5759 | Ossuary  | Entered an ossuary
  6079 | Ossuary  | Reached skill level 8 in Stealth
  6440 | D:6      | Reached skill level 5 in Short Blades
  6845 | D:6      | Reached * piety under Kikubaaqudgha
  6845 | D:6      | Received a gift from Kikubaaqudgha
  7056 | D:6      | Noticed Eustachio
  7063 | D:6      | Killed Eustachio
  7162 | D:6      | Reached XP level 9. HP: 30/45 MP: 16/16
  7829 | D:6      | Noticed Maggie
  7837 | D:6      | Killed Maggie
  7838 | D:6      | Reached skill level 9 in Stealth
  7838 | D:6      | Reached skill level 5 in Spellcasting
  8403 | D:6      | Found a runed translucent door.
  8404 | D:6      | Noticed Crazy Yiuf
  8411 | D:6      | Killed Crazy Yiuf
  8604 | D:7      | Found a shimmering altar of Xom.
  9516 | D:7      | Reached skill level 5 in Ice Magic
  9520 | D:7      | Learned a level 3 spell: Vampiric Draining
  9659 | D:7      | Reached ** piety under Kikubaaqudgha
  9804 | D:7      | Reached skill level 10 in Stealth
  9832 | D:7      | Found a shimmering blue altar of Sif Muna.
 10034 | D:8      | Found a staircase to the Lair.
 10438 | D:8      | Reached XP level 10. HP: 50/50 MP: 16/18
 10607 | D:8      | Noticed Erica
 10625 | D:8      | Killed Erica
 10626 | D:8      | Reached skill level 1 in Shields
 10680 | D:8      | Noticed Pikel
 10695 | D:8      | Killed Pikel
 10696 | D:8      | Reached skill level 10 in Hexes
 10817 | D:8      | Noticed an ice statue
 11274 | D:8      | Reached skill level 11 in Stealth
 11784 | D:9      | Mangled by a komodo dragon

Illustrated notes

Levels and vault maps discovered:
D:1:      ebering_hopf_link, layout_basic, serial_shops, shop, grunt_decor_cap
D:2:      layout_rooms, hangedman_decor_push
D:3:      layout_basic, trog_hazing_becter, lemuel_round_altar,
          basic_ecumenical_altar, wander_ebering_terrifying_dragon_lair,
          uniq_terence
D:4:      layout_rooms, zin_angel, jmf_multi_god_temple
D:5:      layout_loops_ring, lemuel_mausoleum_altar_yredelemnul,
          minmay_temple_entry_trees
D:6:      layout_cave_pods, enter_ossuary_5, uniq_eustachio,
          uniq_crazy_yiuf_cottage, uniq_maggie
D:7:      layout_basic, mainiacjoe_overflow_chevrons,
          mainiacjoe_overflow_six_doors_small
D:8:      lemuel_ice_statue, layout_basic, lair_entry_dummy, minmay_orc_keep,
          uniq_erica, uniq_pikel
D:9:      layout_long_grid, enter_bailey_2, minmay_lizard_king
Temple:   nicolae_temple_ecumenical_triangle

Skill      XL: |  1  2  3  4  5  6  7  8  9 10 |
---------------+-------------------------------+-----
Stealth        | 5 6 7 8 10 11 | 11.1
Short Blades   | 2 3 4 5 6 7 |  7.4
Hexes          | 5 6 7 8 9 10 | 10.5
Dodging        | 3 4 5 6 |  6.7
Ice Magic      | 1 2 3 4 5 6 |  6.2
Spellcasting   | 3 4 5 6 |  6.4
Shields        | 2 |  2.5

Action                   |  1- 3 |  4- 6 |  7- 9 | 10-12 || total
-------------------------+-------+-------+-------+-------++-------
Melee: Dagger            |   141 |   120 |   364 |   102 ||   727
       Bite              |    12 |     9 |    40 |     8 ||    69
       Punch             |     1 |     1 |     3 |       ||     5
 Cast: Ensorcelled Hiber |     2 |    33 |    24 |    19 ||    78
       Tukima's Dance    |       |       |    39 |    15 ||    54
       Confusing Touch   |       |       |     5 |       ||     5
 Abil: Exsanguinate      |       |       |     1 |       ||     1
  Use: Scroll            |     4 |     1 |     8 |       ||    13
       Potion            |       |     3 |     1 |     3 ||     7
 Stab: Sleeping          |    11 |    26 |    50 |    12 ||    99
       Invisible         |       |     1 |       |     1 ||     2
       Confused          |       |       |     2 |       ||     2
       Distracted        |       |       |     1 |       ||     1
Armor: Robe              |    21 |     5 |       |    26 ||    52
       Animal skin       |       |     4 |    31 |       ||    35
       Leather armour    |       |       |    23 |     4 ||    27
Dodge: Dodged            |    84 |    76 |   170 |    82 ||   412
Block: Buckler           |       |       |     1 |    24 ||    25
